AoeStats
← EeeZee3

Northern Isles

511021631Analyzed
1v1 RM · 3h ago on Oct 3, 2026· 34m 13s· 2 players
Game mode
Random Map
Map size
Tiny (2 player)
Population
200
Speed
Normal
Resources
Standard
Victory
Conquest
Starting age
Dark Age
Ending age
Imperial Age
RankedLock teamsTeams togetherTeam positionsShared explorationLock speedFull tech treeHidden civsTurbo modeCheats
Victory
Defeat
🇨🇭 Saxons · Switzerland
586
+15
🇨🇴 Sicilians · Colombia
554
-15
servitec.cesargomez
11:23 Feudal Age
12:05 Double-Bit Axe
12:49 Stone Mining
12:49 Gold Mining
14:25 Fishing Lines
15:16 Horse Collar
21:50 Castle Age
20:54 Fletching
22:25 Gillnets
23:16 Wheelbarrow
22:44 Heavy Plow
22:56 Bow Saw
31:25 Bodkin Arrow
33:22 Forging
34:15 Hand Cart
EeeZee3
0:26 Loom
10:48 Feudal Age
11:19 Double-Bit Axe
11:20 Fishing Lines
14:29 Fletching
14:52 Town Watch
17:10 Gold Mining
18:45 Stone Mining
21:25 Castle Age
20:31 Scale Mail Armor
20:42 Forging
20:20 Arson
22:21 Gambesons
22:36 Squires
23:48 Iron Casting
23:29 Chain Mail Armor
23:29 Medium Warships
23:43 Bow Saw
23:49 Gillnets
24:13 Horse Collar
25:49 Heavy Plow
32:25 Wheelbarrow
35:30 Imperial Age
34:38 Ballistics
34:14 Murder Holes
34:00 Treadmill Crane
Connection lost

Rejoining the realm…

Still unreachable

The connection could not be restored.

Session expired

The server has moved on; the page needs a fresh start.